 Dungeon Crawl Stone Soup version 0.31-a0-986-g5e6e4ef867 (webtiles) character file.

Game seed: 10076929545158329609

933 Veldoneri the Cutter (level 8, -6/67 HPs)
             Began as a Gnoll Chaos Knight on Dec 27, 2021.
             Was a Plaything of Xom.
             Killed from afar by an oklob plant (19 damage)
             ... with a splash of acid
             ... on level 5 of the Dungeon on Nov 8, 2023.
             The game lasted 00:27:12 (3638 turns).

Veldoneri the Cutter (Gnoll Chaos Knight)           Turns: 3638, Time: 00:27:12

Health: -6/67      AC:  6    Str: 12    XL:     8   Next: 11%
Magic:  21/21      EV: 13    Int: 12    God:    Xom [..*...]
Gold:   301        SH:  0    Dex: 19    Spells: 13/13 levels left

rFire   . . .        m - +2 morningstar (protect)
rCold   . . .        (no shield)
rNeg    . . .        b - +2 leather armour
rPois   .            (no helmet)
rElec   .            (no cloak)
rCorr   .            f - +0 pair of gloves
SInv    .            (no boots)
Will    .....        s - amulet of the acrobat
Stlth   ++           d - ring of magical power
HPRegen 0.31/turn    u - +6 ring of dexterity
MPRegen 0.17/turn

%: acrobat
@: mighty, corroded, under a protective aura, invisible
A: fangs 1, strong nose, distributed training
a: Renounce Religion


You were on level 5 of the Dungeon.
You worshipped Xom.
You were a toy of Xom.
You visited 1 branch of the dungeon, and saw 5 of its levels.

You collected 301 gold pieces.

Inventory:

Hand Weapons
 a - a +0 short sword of chaos
 m - a +2 morningstar of protection (weapon)
 o - a +1 trident of venom
Armour
 b - a +2 leather armour (worn)
 f - a +0 pair of gloves (worn)
Jewellery
 d - a ring of magical power (left hand)
 n - a +6 ring of dexterity
 s - an amulet of the acrobat (around neck)
 u - a +6 ring of dexterity (right hand)
Scrolls
 c - a scroll of enchant weapon {unknown}
 h - 4 scrolls of identify {unknown}
 i - a scroll of blinking {unknown}
 j - a scroll of amnesia {unknown}
 l - 2 scrolls of teleportation {unknown}
 p - a scroll of revelation {unknown}
 q - a scroll of enchant armour {unknown}
 r - a scroll of torment {unknown}
 v - 3 scrolls of poison {unknown}
Potions
 e - a potion of might
 k - a potion of curing
 w - 2 potions of attraction {unknown}


   Skills:
 + Level 7.2 Fighting
 + Level 7.2 Short Blades
 + Level 3.0 Long Blades
 + Level 3.0 Axes
 + Level 3.0 Maces & Flails
 + Level 3.0 Polearms
 + Level 3.0 Staves
 + Level 3.0 Ranged Weapons
 + Level 3.0 Throwing
 + Level 5.5 Armour
 + Level 4.0 Dodging
 + Level 3.0 Stealth
 + Level 3.0 Shields
 + Level 3.0 Unarmed Combat
 + Level 3.0 Spellcasting
 + Level 2.4 Conjurations
 + Level 2.4 Hexes
 + Level 2.4 Summonings
 + Level 2.4 Necromancy
 + Level 2.4 Translocations
 + Level 2.4 Transmutations
 + Level 2.4 Fire Magic
 + Level 2.4 Ice Magic
 + Level 2.4 Air Magic
 + Level 2.4 Earth Magic
 + Level 2.4 Poison Magic
 + Level 3.3 Invocations
 + Level 3.0 Evocations
 + Level 2.7 Shapeshifting


You had 13 spell levels left.
You didn't know any spells.
Your spell library contained the following spells:

 Spells                   Type           Power      Damage    Failure   Level
 Sting                    Tmut/Pois      28%        1d4       12%         1
 Lesser Beckoning         Tloc           14%        N/A       17%         2
 Poisonous Vapours        Pois/Air       14%        N/A       17%         2
 Gell's Gravitas          Tloc           7%         N/A       34%         3
 Teleport Other           Tloc           7%         N/A       34%         3
 Olgreb's Toxic Radiance  Pois           7%         N/A       75%         4


Dungeon Overview and Level Annotations

Branches:
Dungeon (5/15)
 Temple: D:4-7

Altars:
Fedhas
Qazlal

Annotations:
D:5 exclusion: oklob plant


Innate Abilities, Weirdness & Mutations

You have very sharp teeth.
Your uncanny sense of smell can sniff out nearby items.
Your experience applies equally to all skills.


Message History

The iceblast engulfs the plant!!
The plant begins to die.
The plant is lightly damaged.
The iceblast engulfs the plant.
The plant begins to die.
The plant is lightly damaged.
Aiming: Iceblast
Press: ? - help, Shift-Dir - straight line, f/p - oklob plant
Aim: an oklob plant (lightly damaged, unable to see you)
The mass of ice explodes!
The iceblast engulfs the oklob plant!
The oklob plant is heavily damaged.
The iceblast engulfs the plant!
The plant is lightly damaged.
The iceblast engulfs the plant!!
The plant is moderately damaged.
The iceblast engulfs the plant!!
The plant is lightly damaged.
The now-empty wand crumbles to dust. "Go forth and cause havoc, mortal!"
You feel very mighty all of a sudden.
A nearby plant withers and dies. x2
A nearby plant withers and dies.
The oklob plant spits acid at you. The splash of acid hits you!!
The acid corrodes you!
You hit the oklob plant.
Your weapon exudes an aura of protection.
You punch the oklob plant, but do no damage.
The oklob plant is heavily damaged.
You hit the oklob plant.
The oklob plant is heavily damaged.
Xom plays with reality for a moment.
The oklob plant is unaffected.
You sock the oklob plant!
The oklob plant is severely damaged.
The oklob plant spits acid at you. The splash of acid hits you!!
* * * LOW HITPOINT WARNING * * *
The acid corrodes you! The oklob plant spits acid at you.
The splash of acid hits you!!
You die...
Xom snickers!

.P.~≈≈≈._.~≈≈~.♣PP##
PP.~≈≈≈...~≈≈~.#PPP#
P.~≈≈≈~P~~≈≈≈.P.♣P#
≈≈~.~≈~~...P♣P#
≈≈.~~~..P..P##
~.~~..PPP.♣P#
.P...♣PPP..##


PPPPPPPPP..# PPP♣PP...@.# PP♣P♣PP♣.P.P# PPP#♣P...P# # ########### # #...###### #
######..##...## # ##...##.......(# # #....#.........# # #.)..#.........# You
could see an oklob plant (unable to see you).

Vanquished Creatures
  Prince Ribbit (D:5)
  2 ice beasts (D:5)
  An ogre (D:5)
  A gnoll bouda (D:4)
  An orc priest (D:4)
  3 hounds
  2 jellies (D:5)
  Natasha (twice) (D:2)
  An iguana (D:5)
  5 gnolls (D:4)
  5 adders
  2 ufetubi (D:5)
  2 dart slugs
  6 orcs
  2 bats
  7 endoplasms
  3 giant cockroaches
  7 goblins
  3 hobgoblins
  4 jackals (D:1)
  4 quokkas
  8 ball pythons
  10 frilled lizards
  6 kobolds
  9 rats
97 creatures vanquished.

Notes
Turn   | Place    | Note
-------+----------+-------------------------------------------
     0 | D:1      | Veldoneri the Gnoll Chaos Knight began the quest for the
                  | Orb.
     0 | D:1      | Reached XP level 1. HP: 23/23 MP: 1/1
   228 | D:1      | Upgraded the game from 0.28-a0-1286-g6bde065e89 to
                  | 0.30-a0-557-ge2afbf3030
   228 | D:1      | Found a faded altar of an unknown god.
   279 | D:1      | Upgraded the game from 0.30-a0-557-ge2afbf3030 to
                  | 0.31-a0-986-g5e6e4ef867
   348 | D:1      | Reached XP level 2. HP: 29/29 MP: 2/2
   369 | D:1      | XOM: divination: detect items
   756 | D:1      | Reached XP level 3. HP: 35/35 MP: 3/3
   937 | D:1      | XOM: noise
  1062 | D:2      | Noticed Natasha
  1067 | D:2      | Killed Natasha
  1068 | D:2      | Reached skill level 1 in Long Blades
  1068 | D:2      | Reached skill level 1 in Axes
  1068 | D:2      | Reached skill level 1 in Maces & Flails
  1068 | D:2      | Reached skill level 1 in Polearms
  1068 | D:2      | Reached skill level 1 in Staves
  1068 | D:2      | Reached skill level 1 in Ranged Weapons
  1068 | D:2      | Reached skill level 1 in Throwing
  1068 | D:2      | Reached skill level 1 in Stealth
  1068 | D:2      | Reached skill level 1 in Shields
  1068 | D:2      | Reached skill level 1 in Unarmed Combat
  1068 | D:2      | Reached skill level 1 in Spellcasting
  1068 | D:2      | Reached skill level 1 in Invocations
  1068 | D:2      | Reached skill level 1 in Evocations
  1068 | D:2      | Reached XP level 4. HP: 41/41 MP: 5/5
  1072 | D:2      | Reached skill level 1 in Shapeshifting
  1156 | D:2      | XOM: 3-stop teleportation journey
  1245 | D:2      | Noticed Natasha
  1250 | D:2      | Killed Natasha
  1251 | D:2      | Reached skill level 1 in Conjurations
  1251 | D:2      | Reached skill level 1 in Hexes
  1251 | D:2      | Reached skill level 1 in Summonings
  1251 | D:2      | Reached skill level 1 in Necromancy
  1251 | D:2      | Reached skill level 1 in Translocations
  1251 | D:2      | Reached skill level 1 in Transmutations
  1251 | D:2      | Reached skill level 1 in Fire Magic
  1251 | D:2      | Reached skill level 1 in Ice Magic
  1251 | D:2      | Reached skill level 1 in Air Magic
  1251 | D:2      | Reached skill level 1 in Earth Magic
  1251 | D:2      | Reached skill level 1 in Poison Magic
  1646 | D:3      | Reached XP level 5. HP: 43/47 MP: 7/7
  2237 | D:4      | XOM: divination: magic mapping
  2253 | D:4      | XOM: divination: detect items
  2300 | D:4      | Reached XP level 6. HP: 53/53 MP: 8/8
  2391 | D:4      | Reached skill level 5 in Armour
  2659 | D:5      | Entered Level 5 of the Dungeon
  2665 | D:5      | Noticed Prince Ribbit
  2680 | D:5      | XOM: enchant monster (good)
  2687 | D:5      | Killed Prince Ribbit
  2688 | D:5      | Reached XP level 7. HP: 28/60 MP: 10/10
  2815 | D:5      | Found a stormy altar of Qazlal.
  2899 | D:5      | XOM: silly message
  2915 | D:5      | XOM: potion effect (berserk rage)
  3399 | D:5      | Reached XP level 8. HP: 67/67 MP: 12/12
  3607 | D:5      | Found a blossoming altar of Fedhas.
  3619 | D:5      | Noticed an oklob plant
  3624 | D:5      | XOM: potion effect (invisibility)
  3632 | D:5      | XOM: potion effect (might)
  3637 | D:5      | XOM: cast spell 'Cause Fear'
  3638 | D:5      | Killed from afar by an oklob plant

Illustrated notes

Levels and vault maps discovered:
D:1:      dpeg_cavernosity, layout_basic, shapermc_ecumenical_altar_gd,
          grunt_decor_junction
D:2:      layout_rooms, kennysheep_generic_room_14, uniq_natasha
D:3:      layout_basic, st_stairs_12, serial_bayou_pond_a,
          grunt_decor_one_mirror, minmay_misc_feat_columns
D:4:      layout_basic
D:5:      layout_gridville, lemuel_doored_altar, tgw_fedhas, uniq_prince_ribbit1

Skill      XL: |  1  2  3  4  5  6  7 |
---------------+----------------------+-----
Long Blades    | 1 2 3 |  3.0
Axes           | 1 2 3 |  3.0
Maces & Flails | 1 2 3 |  3.0
Polearms       | 1 2 3 |  3.0
Staves         | 1 2 3 |  3.0
Ranged Weapons | 1 2 3 |  3.0
Throwing       | 1 2 3 |  3.0
Stealth        | 1 2 3 |  3.0
Shields        | 1 2 3 |  3.0
Unarmed Combat | 1 2 3 |  3.0
Spellcasting   | 1 2 3 |  3.0
Invocations    | 1 2 3 |  3.3
Evocations     | 1 2 3 |  3.0
Shapeshifting  | 1 2 |  2.7
Conjurations   | 1 2 |  2.4
Hexes          | 1 2 |  2.4
Summonings     | 1 2 |  2.4
Necromancy     | 1 2 |  2.4
Translocations | 1 2 |  2.4
Transmutations | 1 2 |  2.4
Fire Magic     | 1 2 |  2.4
Ice Magic      | 1 2 |  2.4
Air Magic      | 1 2 |  2.4
Earth Magic    | 1 2 |  2.4
Poison Magic   | 1 2 |  2.4
Dodging        | 3 4 |  4.0
Armour         | 5 |  5.5
Fighting       | 7 |  7.2
Short Blades   | 7 |  7.2

Action                     |  1- 3 |  4- 6 |  7- 9 || total
---------------------------+-------+-------+-------++-------
  Melee: Short sword       |    86 |    53 |       ||   139
         Bite              |     7 |    16 |    13 ||    36
         Punch             |     1 |     2 |     3 ||     6
         Morningstar       |       |    92 |    70 ||   162
  Evoke: Wand              |     2 |     2 |     2 ||     6
    Use: Potion            |       |     8 |       ||     8
   Stab: Sleeping          |     2 |     4 |     4 ||    10
         Petrifying        |     1 |     1 |       ||     2
         Petrified         |       |     3 |       ||     3
 Armour: Leather armour    |    31 |   107 |    32 ||   170
  Dodge: Dodged            |    42 |   146 |    52 ||   240

Table legend: (Time is in decaauts)
 A = Elapsed time spent in this place.
 B = Non-inter-level travel time spent in this place.
 C = Inter-level travel time spent in this place.
 D = Time resting spent in this place.
 E = Time spent auto-exploring this place.
 F = Levels seen in this place.
 G = Mean time per level.
                   A        B        C        D        E       F      G
               +--------+--------+--------+--------+--------+-----+--------+
         Total |   3667 |   3421 |    246 |    134 |   2209 |   5 |  733.4 |
       Dungeon |   3667 |   3421 |    246 |    134 |   2209 |   5 |  733.4 |
               +--------+--------+--------+--------+--------+-----+--------+

Top non-repeatable levels by time:
     D:1: 1022 daAuts
     D:5: 1012 daAuts
     D:3: 646 daAuts
     D:4: 534 daAuts
     D:2: 451 daAuts
